 Dungeon Crawl Stone Soup version 0.21.0-3-g78d12a8 (webtiles) character file.

399 grindst0ne the Skirmisher (level 6, -11/57 HPs)
             Began as a Demonspawn Chaos Knight on Jan 12, 2018.
             Mangled by a two-headed ogre
             ... wielding a +0 giant spiked club
              (24 damage)
             ... on level 5 of the Dungeon.
             The game lasted 00:05:35 (3605 turns).

grindst0ne the Skirmisher (Demonspawn Chaos Knight) Turns: 3605, Time: 00:05:36

Health: -11/57     AC: 12    Str: 18    XL:     6   Next: 53%
Magic:  6/6        EV:  7    Int: 13    God:    Xom [.*....]
Gold:   191        SH:  0    Dex: 12    Spells: 5/5 levels left

rFire    . . .     SeeInvis .   s - +0 war axe
rCold    . . .     Gourm    .   (no shield)
rNeg     . . .     Faith    .   y - +4 chain mail "Xeilokint" {Stlth+}
rPois    .         Spirit   .   (no helmet)
rElec    .         Reflect  .   (no cloak)
rCorr    .         Harm     .   (no gloves)
MR       +....                  (no boots)
Stlth    ..........             (no amulet)
HPRegen  0.19/turn              x - +3 ring of strength
MPRegen  0.10/turn              (no ring)

@: confused
A: talons 2, demonic guardian 1, magic resistance 1, robust 1
a: Renounce Religion


You were on level 5 of the Dungeon.
You worshipped Xom.
You were a plaything of Xom.
You were not hungry.

You visited 1 branch of the dungeon, and saw 5 of its levels.

You collected 191 gold pieces.

Inventory:

Hand Weapons
 a - a +0 hand axe of chaos
 s - a +0 war axe (weapon)
Armour
 b - a +2 leather armour
 p - a +0 scale mail
 r - a +0 chain mail
 w - a +1 chain mail of fire resistance
 y - the +4 chain mail "Xeilokint" (worn) {Stlth+}
   (You found it on level 4 of the Dungeon)

   It makes you more stealthy.
Jewellery
 x - a +3 ring of strength (left hand)
Wands
 t - a wand of clouds (2)
 u - a wand of random effects (31)
Scrolls
 e - 3 scrolls of identify {unknown}
 f - 2 scrolls of enchant weapon {unknown}
 h - 2 scrolls of teleportation {unknown}
 i - 2 scrolls of immolation {unknown}
 j - a scroll of fear {unknown}
 l - a scroll of remove curse {unknown}
 q - 2 scrolls of amnesia {unknown}
 v - a scroll of enchant armour {unknown}
Potions
 d - a potion of lignification {unknown}
 g - a potion of flight {unknown}
 k - a potion of berserk rage {unknown}
 m - a potion of ambrosia {unknown}
 n - 3 potions of heal wounds {unknown}
 o - a potion of mutation {unknown}
 z - a potion of magic {unknown}
Comestibles
 c - 6 rations


   Skills:
 + Level 5.7 Fighting
 * Level 5.0 Axes
 - Level 1.7 Armour
 - Level 0.8 Dodging


You had 5 spell levels left.
You didn't know any spells.

Dungeon Overview and Level Annotations

Branches:
Dungeon (5/15)
 Temple: D:4-7

Altars:
Xom
The Shining One

Annotations:
D:3 exclusion: downstairs
D:5 1 runed door


Innate Abilities, Weirdness & Mutations

You have razor-sharp toenails.
A weak demonic guardian rushes to your aid.
You are resistant to hostile enchantments. (MR+)
You are robust. (+10% HP)


Message History

The two-headed ogre appears confused.
You see here a wand of random effects (8).
You bump into the rock wall.
You are engulfed in noxious fumes.
You choke on the stench!
You are more confused.
The two-headed ogre is engulfed in noxious fumes.
The two-headed ogre appears confused.
The two-headed ogre hits you with a giant spiked club.
The two-headed ogre hits you with a dire flail!
* * * LOW HITPOINT WARNING * * *
You bump into the rock wall.
You are engulfed in noxious fumes.
You choke on the stench!
You are more confused.
* * * LOW HITPOINT WARNING * * *
The ground is no longer liquid beneath you.
The two-headed ogre is engulfed in noxious fumes.
The two-headed ogre appears confused.
The two-headed ogre hits you with a giant spiked club!!
You die...
Xom snickers!

#.#..#.###.#.#
#.#..#.....#.#
#.#..#.....#.#
#.#........#.#
#.#........#.#
#######..#.#
........<#.#
############§#
......§5§@O§§#
##############


You could see a two-headed ogre (confused) and a friendly quasit.

Vanquished Creatures
  A howler monkey (D:4)
  A crimson imp (D:5)
  A bullfrog skeleton (D:5)
  A centaur skeleton (D:4)
  2 worker ants
  An iguana (D:5)
  6 adders
  2 oozes
  3 worms
  2 dart slugs (D:3)
  2 leopard geckos
  16 orcs
  4 giant cockroaches
  3 goblins
  3 hobgoblins
  8 jackals
  7 kobolds
  2 quokkas
  A ball python (D:3)
  8 bats
  5 frilled lizards
  4 rats
83 creatures vanquished.

Vanquished Creatures (collateral kills)
  An orc wizard (D:4)
  3 gnolls (D:4)
  4 orcs (D:4)
  A giant cockroach (D:4)
9 creatures vanquished.

Vanquished Creatures (others)
  2 plants (D:4)
2 creatures vanquished.

Grand Total: 94 creatures vanquished

Notes
Turn   | Place    | Note
-------+----------+-------------------------------------------
     0 | D:1      | grindst0ne the Demonspawn Chaos Knight began the quest for the Orb.
     0 | D:1      | Reached XP level 1. HP: 18/18 MP: 1/1
   136 | D:1      | Gained mutation: You have sharp toenails. [demonic ancestry]
   136 | D:1      | Reached XP level 2. HP: 23/24 MP: 2/2
   169 | D:1      | XOM: divination: magic mapping
   371 | D:1      | XOM: give mutations
   371 | D:1      | Gained mutation: You have razor-sharp toenails. [Xom's grace]
   371 | D:1      | Gained mutation: You are resistant to hostile enchantments. (MR+) [Xom's grace]
   456 | D:1      | XOM: polymorph leopard gecko -> quokka
   669 | D:2      | XOM: scenery: create altars
   671 | D:2      | Reached XP level 3. HP: 30/31 MP: 3/3
   688 | D:2      | XOM: give mutation
   688 | D:2      | Gained mutation: You are clumsy. (Dex -2) [Xom's mischief]
   695 | D:2      | XOM: medium Erth miscast
   925 | D:2      | XOM: give mutation
   925 | D:2      | Lost mutation: You are clumsy. (Dex -2) [Xom's mischief]
  1080 | D:2      | XOM: summons 1 hostile demon
  1081 | D:2      | Noticed an ice devil
  1157 | D:2      | XOM: harmless Hex miscast
  1613 | D:3      | Found a glowing golden altar of the Shining One.
  1625 | D:3      | Gained mutation: A weak demonic guardian rushes to your aid. [demonic ancestry]
  1625 | D:3      | Reached XP level 4. HP: 25/38 MP: 4/4
  1663 | D:3      | XOM: silly message
  1961 | D:3      | XOM: silly message
  2133 | D:4      | XOM: mild Chrm miscast
  2158 | D:4      | Reached skill level 5 in Fighting
  2232 | D:4      | Reached XP level 5. HP: 27/44 MP: 5/5
  2240 | D:4      | XOM: summons friendly shadow imp
  2341 | D:3      | XOM: give mutation
  2341 | D:3      | Gained mutation: You are robust. (+10% HP) [Xom's grace]
  2431 | D:3      | XOM: noise
  2589 | D:4      | XOM: 1-stop teleportation journey
  2726 | D:4      | XOM: smoke on damage
  2843 | D:4      | Reached XP level 6. HP: 53/56 MP: 6/6
  2868 | D:4      | Got a shimmering chain mail
  2879 | D:4      | Identified the +4 chain mail "Xeilokint" {Stlth+} (You found it on level 4 of the Dungeon)
  3283 | D:5      | Entered Level 5 of the Dungeon
  3387 | D:5      | Found a runed door.
  3567 | D:5      | Reached skill level 5 in Axes
  3574 | D:5      | Noticed a two-headed ogre
  3580 | D:5      | XOM: cast spell 'Leda's Liquefaction'
  3581 | D:5      | XOM: summons friendly quasit
  3582 | D:5      | XOM: enchant monster (bad)
  3592 | D:5      | XOM: swap monsters
  3600 | D:5      | XOM: medium Pois miscast
  3605 | D:5      | Mangled by a two-headed ogre

Skill      XL: |  1  2  3  4  5  6 |
---------------+-------------------+-----
Fighting       | 4 5 |  5.7
Axes           | 3 4 5 |  5.0
Armour         | |  1.7
Dodging        | |  0.8

Action                   |  1- 3 |  4- 6 || total
-------------------------+-------+-------++-------
Melee: Hand axe          |    64 |       ||    64
       Kick              |    16 |    45 ||    61
       War axe           |    15 |   158 ||   173
Evoke: Wand              |       |     1 ||     1
 Stab: Distracted        |     1 |       ||     1
  Eat: Chunk             |     2 |     7 ||     9
Armor: Leather armour    |    16 |       ||    16
       Scale mail        |     9 |       ||     9
       Chain mail        |    15 |   114 ||   129
Dodge: Dodged            |    40 |    63 ||   103
